 Dungeon Crawl Stone Soup version 0.29-a0-997-gf6f7e2dfe7 (webtiles) character file.

Game seed: 17627713805979627332

228 vurker the Slasher (level 6, 0/49 HPs)
             Began as a Barachi Monk on Aug 4, 2022.
             Was an Initiate of Gozag.
             Slain by a lemure (5 damage)
             ... led by Pikel
             ... on level 3 of the Dungeon.
             The game lasted 00:04:09 (2966 turns).

vurker the Slasher (Barachi Monk)                   Turns: 2966, Time: 00:04:10

Health: 0/49       AC:  9    Str: 20    XL:     6   Next: 2%
Magic:  6/6        EV:  7    Int: 10    God:    Gozag
Gold:   219        SH:  8    Dex: 15    Spells: 5/5 levels left

rFire   . . .      SeeInvis .   m - +0 long sword
rCold   . . .      Faith    .   g - +0 kite shield
rNeg    . . .      Spirit   .   q - +0 chain mail
rPois   .          Reflect  .   (no helmet)
rElec   .          Harm     .   (no cloak)
rCorr   .          Rampage  .   (no gloves)
Will    .....                   b - +0 pair of boots
Stlth   ..........              (no amulet)
HPRegen 0.16/turn               j - +6 ring of strength
MPRegen 0.10/turn               (no ring)

@: slow
A: amphibious, slowness 1, strong legs 1, +LOS
a: Hop, Renounce Religion, Potion Petition, Call Merchant, Bribe Branch


You were on level 3 of the Dungeon.
You worshipped Gozag.
Gozag was aware of your devotion.
You visited 1 branch of the dungeon, and saw 4 of its levels.

You collected 243 gold pieces.
You spent 24 gold pieces at shops.

Inventory:

Hand Weapons
 m - a +0 long sword (weapon)
   (You found it on level 3 of the Dungeon)
Armour
 b - a +0 pair of boots (worn)
   (You found it on level 1 of the Dungeon)
 g - a +0 kite shield (worn)
   (You found it on level 1 of the Dungeon)
 q - a +0 chain mail (worn)
   (You found it on level 3 of the Dungeon)
Jewellery
 j - a +6 ring of strength (left hand)
   (You found it on level 2 of the Dungeon)
Scrolls
 e - a scroll of enchant armour {unknown}
 h - 3 scrolls of identify
 i - 2 scrolls of blinking {unknown}
 k - 2 scrolls of teleportation {unknown}
 l - a scroll of silence {unknown}
 o - a scroll of poison {unknown}
Potions
 a - a potion of lignification {unknown}
 c - a potion of ambrosia
 d - 2 potions of curing
 n - a potion of brilliance {unknown}
 p - a potion of heal wounds {unknown}


   Skills:
 + Level 4.7 Fighting
 * Level 5.7 Long Blades
 + Level 2.2 Armour
 + Level 4.0 Dodging
 - Level 1.7 Stealth
 + Level 1.8 Shields


You had 5 spell levels left.
You didn't know any spells.
Your spell library contained the following spells:

 Spells                   Type           Power      Damage    Failure   Level
 Slow                     Hex            0%         N/A       100%        1
 Poisonous Vapours        Pois/Air       0%         N/A       100%        2
 Confusing Touch          Hex            0%         N/A       100%        3
 Vampiric Draining        Necr           0%         2d6       100%        3
 Corpse Rot               Necr/Pois/Air  Unusable   N/A       N/A         4

Dungeon Overview and Level Annotations

Branches:
Dungeon (4/15)
 Temple: D:4-7

Altars:
Gozag
Makhleb
Sif Muna
Vehumet

Shops:
D:1 =:?

Annotations:
D:3 Pikel
D:4 Blork the orc


Innate Abilities, Weirdness & Mutations

You are amphibious.
You cover ground slowly.
You can hop short distances.
You have an extended range of vision and can be seen from far away.


Message History

A lemure is nearby!
A lemure comes into view.
Pikel, Merchant of Souls comes into view.
He is wielding a +2 whip of electrocution.
A lemure comes into view.
Pikel shouts!
The lemure shouts!
Blork the orc comes into view.
He is wielding a +0 glaive and carrying a wand of digging (7).
A lemure comes into view.
The lemure hits you but does no damage.
The lemure moves out of view. x2
There is a stone staircase leading up here.
You closely miss the lemure. You block the lemure's attack.
The lemure shouts!
You hit the lemure but do no damage. The lemure hits you but does no damage.
Blork the orc looks braver for a moment.
The lemure hits you but does no damage. Pikel hits you but does no damage.
You are electrocuted!
You climb upwards.
There is a stone staircase leading down here.
You closely miss Pikel. The lemure hits you. Pikel barely misses you.
You barely miss Pikel. You block the lemure's attack. You block Pikel's attack.
The lemure hits you.
Pikel hits you with a +2 whip of electrocution.
* * * LOW HITPOINT WARNING * * *
You aren't carrying any items that you can evoke.
Unknown command.
You barely miss Pikel. The lemure hits you but does no damage.
You block Pikel's attack.
Unknown command.
You hit Pikel but do no damage. The lemure hits you but does no damage.
Pikel barely misses you.
You hit Pikel. The lemure hits you.
* * * LOW HITPOINT WARNING * * *
Pikel hits you with a +2 whip of electrocution.
* * * LOW HITPOINT WARNING * * *
You hit Pikel. The lemure hits you but does no damage.
Pikel hits you with a +2 whip of electrocution!
* * * LOW HITPOINT WARNING * * *
The lemure hits you.
* * * LOW HITPOINT WARNING * * *
Pikel hits you but does no damage.
Okay, then.
You completely miss Pikel. The lemure barely misses you.
Pikel barely misses you.
You miss Pikel. You block the lemure's attack.
Pikel hits you but does no damage.
You hit Pikel but do no damage. The lemure hits you but does no damage.
Pikel hits you with a +2 whip of electrocution.
* * * LOW HITPOINT WARNING * * *
The lemure hits you.
You die...
Your body crumbles into a pile of gold.

...........############
###........##.........#
..#........##.........#
..#....)...##.........#
..#........##.........#
...........##.........#
...........##.........#
..)........##....K....#
..........[.'...@5....#
...##########.........#
...### #.........#
.....# ##.........#
.....# #.........##
.....# #.........#
.....# #.........#
...### #.........#
...#########.........#


You could see Pikel and a lemure.

Vanquished Creatures
  A howler monkey (D:4)
  A crimson imp (D:3)
  Jessica (D:3)
  4 adders
  3 gnolls (D:3)
  3 dart slugs
  2 orcs
  9 ball pythons
  5 endoplasms
  2 giant cockroaches (D:1)
  A goblin (D:2)
  6 hobgoblins
  11 kobolds
  A quokka (D:1)
  5 bats
  A frilled lizard (D:3)
  A rat (D:3)
57 creatures vanquished.

Notes
Turn   | Place    | Note
-------+----------+-------------------------------------------
     0 | D:1      | vurker the Barachi Monk began the quest for the Orb.
     0 | D:1      | Reached XP level 1. HP: 18/18 MP: 1/1
    83 | D:1      | Reached skill level 4 in Long Blades
   189 | D:1      | Reached XP level 2. HP: 22/25 MP: 2/2
   359 | D:1      | Found Wikhub's Book Shoppe.
   426 | D:1      | Found Xyanetroa's Jewellery Emporium.
   666 | D:1      | Found Uruzuymi's Magic Scroll Emporium.
   773 | D:1      | Reached XP level 3. HP: 21/30 MP: 3/3
   863 | D:1      | Bought a scroll of identify for 24 gold pieces
  1738 | D:3      | Reached skill level 1 in Armour
  1738 | D:3      | Reached XP level 4. HP: 37/37 MP: 4/4
  1835 | D:3      | Noticed Jessica
  1840 | D:3      | Killed Jessica
  1841 | D:3      | Reached skill level 5 in Long Blades
  1841 | D:3      | Reached skill level 1 in Shields
  2188 | D:3      | Reached XP level 5. HP: 42/43 MP: 5/5
  2450 | D:3      | Found a faded altar of an unknown god.
  2519 | D:3      | Found a shimmering blue altar of Sif Muna.
  2524 | D:3      | Prayed at the altar of an unknown god.
  2524 | D:3      | Became a worshipper of Gozag Ym Sagoz the Greedy
  2670 | D:3      | Found a burning altar of Makhleb.
  2671 | D:3      | Found a radiant altar of Vehumet.
  2917 | D:4      | Reached XP level 6. HP: 49/49 MP: 6/6
  2952 | D:4      | Noticed Pikel
  2953 | D:4      | Noticed Blork the orc
  2966 | D:3      | Slain by a lemure

Illustrated notes

Levels and vault maps discovered:
D:1:      lightli_arrival_maybe_door_vault, layout_basic, serial_shops, shop,
          nicolae_shop_competitors_out_of_business, shop
D:2:      layout_rooms, grunt_ministairs_9
D:3:      layout_basic, grunt_temple_overflow_lords_of_destruction,
          nicolae_overflow_ecumenical_swirl, minmay_shallow_snake_nest,
          uniq_jessica
D:4:      layout_rooms, mainiacjoe_overflow_surrounded_room,
          mainiacjoe_overflow_concentric_impassable,
          nemelex_xobeh_ov_fountains_minmay, cheibrodos_ashenzari_chains,
          wad_floor_pattern_untrapped, uniq_blork_the_orc, uniq_pikel

Skill      XL: |  1  2  3  4  5 |
---------------+----------------+-----
Long Blades    | 4 5 |  5.7
Fighting       | 4 |  4.7
Armour         | 1 2 |  2.2
Shields        | 1 |  1.8
Dodging        | 4 |  4.0
Stealth        | |  1.7

Action                   |  1- 3 |  4- 6 || total
-------------------------+-------+-------++-------
Melee: Falchion          |   106 |    16 ||   122
       Long sword        |       |    94 ||    94
  Use: Scroll            |     1 |       ||     1
 Stab: Sleeping          |     1 |       ||     1
       Distracted        |       |     1 ||     1
Armor: Scale mail        |    32 |    37 ||    69
       Chain mail        |       |    24 ||    24
Dodge: Dodged            |    62 |    43 ||   105
Block: Kite shield       |    24 |    44 ||    68

Table legend: (Time is in decaauts)
 A = Elapsed time spent in this place.
 B = Non-inter-level travel time spent in this place.
 C = Inter-level travel time spent in this place.
 D = Time resting spent in this place.
 E = Time spent auto-exploring this place.
 F = Levels seen in this place.
 G = Mean time per level.
                   A        B        C        D        E       F      G
               +--------+--------+--------+--------+--------+-----+--------+
         Total |   3346 |   3271 |     75 |      0 |   2632 |   4 |  836.5 |
       Dungeon |   3346 |   3271 |     75 |      0 |   2632 |   4 |  836.5 |
               +--------+--------+--------+--------+--------+-----+--------+

Top non-repeatable levels by time:
     D:3: 1352 daAuts
     D:1: 1242 daAuts
     D:2: 691 daAuts
     D:4: 60 daAuts
